 Dungeon Sprint DCSS version 0.21-a0-201-g8501b10 (webtiles) character file.

3915 Kidiri the Thaumaturge (level 10, 0/54 HPs)
             Began as a Deep Elf Fire Elementalist on Aug 17, 2017.
             Was a High Priest of Vehumet.
             Slain by a killer bee (7 damage)
             ... in the Dungeon (Sprint III: "The Ten Rune Challenge").
             The game lasted 00:12:23 (2179 turns).

Kidiri the Thaumaturge (Deep Elf Fire Elementalist) Turns: 2179, Time: 00:12:24

Health: 0/54       AC:  2    Str:  5    XL:     10   Next: 1%
Magic:  3/33       EV: 19    Int: 24    God:    Vehumet [*****.]
Gold:   39         SH:  0    Dex: 15    Spells: 17/38 levels left

rFire    . . .     SeeInvis .   t - +0 dagger
rCold    . . .     Gourm    .   (no shield)
rNeg     . . .     Faith    .   a - +0 robe
rPois    .         Spirit   .   (helmet restricted)
rElec    .         Reflect  .   (no cloak)
rCorr    .         Harm     .   (no gloves)
MR       +....     NoTele   +   (no boots)
Stlth    ++........             (no amulet)
HPRegen  0.18/turn              (no ring)
MPRegen  0.23/turn              (no ring)

@: lethally poisoned (0 -> -2)
A: hooves 1, horns 1, frail 1, high mp 1
a: Renounce Religion


You were in the Dungeon.
You worshipped Vehumet.
Vehumet was extremely pleased with you.
You were very hungry.

You visited 1 branch You collected 39 gold pieces.

Inventory:

Hand Weapons
 t - a +0 dagger (weapon)
Armour
 a - a +0 robe (worn)
Scrolls
 j - a scroll of recharging
 k - a scroll of holy word
 m - a scroll of torment
 o - a scroll of remove curse {unknown}
Potions
 d - 2 potions of curing
 f - a potion of haste
 g - a potion of magic
 h - a potion of berserk rage
 l - 3 potions of mutation
 q - 2 potions of might
 s - 2 potions of flight
Comestibles
 c - a bread ration
 p - 2 royal jellies
 r - 3 fruits


   Skills:
 + Level 6.7 Fighting
 + Level 6.8 Short Blades
 + Level 6.7 Armour
 + Level 10.0 Dodging
 - Level 2.4 Stealth
 * Level 14.7 Spellcasting
 + Level 9.0 Conjurations
 + Level 9.7 Fire Magic
 + Level 3.8 Ice Magic
 + Level 5.1 Air Magic


You had 17 spell levels left.
You knew the following spells:

 Your Spells              Type           Power        Failure   Level  Hunger
a - Flame Tongue          Conj/Fire      #####        1%          1    None
b - Throw Flame           Conj/Fire      ######       1%          2    None
c - Conjure Flame         Conj/Fire      ######..     1%          3    None
d - Inner Flame           Hex/Fire       #####...     1%          3    None
e - Sticky Flame          Conj/Fire      ######..     1%          4    None
f - Fireball              Conj/Fire      ######....   1%          5    ##.....
g - Shock                 Conj/Air       ####         1%          1    None
h - Throw Frost           Conj/Ice       #####.       1%          2    None


Dungeon Overview and Level Annotations

Branches:
Dungeon (1/1)

Altars:
Cheibriados
Dithmenos
Elyvilon
Fedhas
Gozag
Hepliaklqana
Kikubaaqudgha
Makhleb
Nemelex Xobeh
Okawaru
Qazlal
Ru
Sif Muna
Trog
Uskayaw
Vehumet
Wu Jian
Xom
Yredelemnul
Zin
The Shining One
Beogh
Jiyva
Lugonu

Annotations:
D exclusion: door


Innate Abilities, Weirdness & Mutations

You have large cloven feet.
You have a pair of small horns on your head.
You are frail. (-10% HP)
You have an increased reservoir of magic. (+10% MP)


Message History

You don't have enough magic to cast that spell.
Unknown command.
Unknown command.
You feel much better.
You are feeling very hungry.
The killer bee stings you. The killer bee closely misses you.
The killer bee barely misses you. x2
Unknown command.
The killer bee closely misses you. The killer bee stings you. x3
* * * LOW HITPOINT WARNING * * *
You are poisoned.
The killer bee poisons you! The killer bee closely misses you.
Unknown command.
You feel sick. The killer bee stings you.
* * * LOW HITPOINT WARNING * * *
The killer bee completely misses you. The killer bee misses you.
The killer bee completely misses you. x2
Unknown command.
You feel sick.
The killer bee misses you. x2; The killer bee stings you!
You die...

##.############ #..#___#___#__#
#..#)..#__.#%_# #..###+#+###+##
#..#..........# ...+.⌠........#
..E#...######'#
...#.⌠.#__#...#+#################
...#...#__#...#.@yy§'.#yy..††y#.#
...#+###__#...#.#y≈≈#.#y#..†##y#.
...#.):#__#...'.#§§§#.#†#...#.#.#
...#___#__+...#.#.§§#.y.#)..##.#.
▓▓▓▓▓▓▓▓▓▓▓▓▓▓▓▓▓▓▓▓▓▓▓▓▓▓▓▓#.#.#
##.#. +.#.# ##.#. #+##


You could see 3 killer bees.

Vanquished Creatures
  Snorg (D)
  A centaur warrior (D)
  An unseen horror (D)
  A deep elf mage (D)
  A shadow (D)
  A spatial vortex (D)
  A necrophage (D)
  2 centaurs (D)
  A water elemental (D)
  A scorpion (D)
  12 killer bees (D)
  A jelly (D)
  A wizard (D)
  Jessica (D)
  A necromancer (D)
  3 humans (D)
  A kobold demonologist (D)
  2 oozes (D)
33 creatures vanquished.

Vanquished Creatures (others)
  2 draconian scorchers (D)
  A fire dragon (D)
  6 hellions (D)
  A yaktaur (D)
  A plant (D)
11 creatures vanquished.

Grand Total: 44 creatures vanquished

Notes
Turn   | Place    | Note
-------+----------+-------------------------------------------
     0 | D        | Kidiri the Deep Elf Fire Elementalist began the quest for the Orb.
     0 | D        | Reached XP level 1. HP: 10/10 MP: 6/6
    52 | D        | Reached skill level 1 in Fighting
    52 | D        | Reached skill level 1 in Armour
    52 | D        | Reached skill level 4 in Spellcasting
    52 | D        | Reached XP level 2. HP: 16/16 MP: 3/9
    57 | D        | Learned a level 2 spell: Throw Flame
    69 | D        | Noticed Jessica
    79 | D        | Killed Jessica
    79 | D        | Reached skill level 5 in Spellcasting
    79 | D        | Reached XP level 3. HP: 5/20 MP: 8/11
    84 | D        | Learned a level 3 spell: Conjure Flame
    88 | D        | Learned a level 3 spell: Inner Flame
   108 | D        | Killed a yaktaur
   131 | D        | Killed a hellion
   131 | D        | Killed a hellion
   152 | D        | Killed a white draconian scorcher
   171 | D        | Killed a white draconian scorcher
   181 | D        | Killed a hellion
   192 | D        | Killed a hellion
   193 | D        | Killed a hellion
   204 | D        | Killed a hellion
   490 | D        | Noticed a scorpion
   503 | D        | Killed a scorpion
   503 | D        | Reached skill level 7 in Spellcasting
   503 | D        | Reached XP level 4. HP: 27/27 MP: 2/15
   540 | D        | Learned a level 4 spell: Sticky Flame
   608 | D        | Gained mutation: You have supernaturally acute eyesight. (SInv) [potion of mutation]
   608 | D        | Gained mutation: You have sharp fingernails. [potion of mutation]
   609 | D        | Lost mutation: You have supernaturally acute eyesight. (SInv) [potion of mutation]
   609 | D        | Lost mutation: You have sharp fingernails. [potion of mutation]
   609 | D        | Gained mutation: Your spells are a little easier to cast, but a little less powerful. [potion of mutation]
   609 | D        | Gained mutation: You are frail. (-10% HP) [potion of mutation]
   609 | D        | Gained mutation: You are weak. (Str -2) [potion of mutation]
   609 | D        | Gained mutation: You have sharp toenails. [potion of mutation]
   610 | D        | Lost mutation: You have sharp toenails. [potion of mutation]
   610 | D        | Lost mutation: Your spells are a little easier to cast, but a little less powerful. [potion of mutation]
   610 | D        | Lost mutation: You are weak. (Str -2) [potion of mutation]
   610 | D        | Gained mutation: You have an increased reservoir of magic. (+10% MP) [potion of mutation]
   610 | D        | Gained mutation: You have a pair of small horns on your head. [potion of mutation]
   610 | D        | Gained mutation: You have large cloven feet. [potion of mutation]
   621 | D        | Noticed a water elemental
   624 | D        | Killed a water elemental
   624 | D        | Reached skill level 5 in Dodging
   624 | D        | Reached skill level 8 in Spellcasting
   624 | D        | Reached skill level 5 in Fire Magic
   624 | D        | Reached XP level 5. HP: 28/28 MP: 13/19
   632 | D        | Learned a level 5 spell: Fireball
   660 | D        | Found a radiant altar of Vehumet.
   661 | D        | Found a deep blue altar of Sif Muna.
   661 | D        | Found an ancient bone altar of Kikubaaqudgha.
   675 | D        | Became a worshipper of Vehumet
   745 | D        | Found a glowing silver altar of Zin.
   746 | D        | Found a glowing golden altar of the Shining One.
   746 | D        | Found a white marble altar of Elyvilon.
   746 | D        | Noticed a deep elf mage
   749 | D        | Noticed an orange demon
   753 | D        | Killed a deep elf mage
   753 | D        | Reached skill level 10 in Spellcasting
   753 | D        | Reached XP level 6. HP: 25/35 MP: 10/23
   753 | D        | Reached XP level 7. HP: 28/39 MP: 10/25
   845 | D        | Found an ornate altar of the Wu Jian Council.
   845 | D        | Found a roughly hewn altar of Beogh.
   845 | D        | Found an iron altar of Okawaru.
   845 | D        | Found a bloodstained altar of Trog.
   845 | D        | Found a hide-covered altar of Uskayaw.
   845 | D        | Noticed a human
   847 | D        | Noticed a human
   850 | D        | Killed a human
   850 | D        | Reached skill level 11 in Spellcasting
   851 | D        | Killed a human
   851 | D        | Reached * piety under Vehumet
   851 | D        | Offered knowledge of Shock by Vehumet.
   851 | D        | Reached skill level 5 in Fighting
   851 | D        | Reached skill level 5 in Armour
   854 | D        | Learned a level 1 spell: Shock
  1055 | D        | Found a basalt altar of Yredelemnul.
  1055 | D        | Found a shadowy altar of Dithmenos.
  1055 | D        | Found a sacrificial altar of Ru.
  1058 | D        | Reached skill level 12 in Spellcasting
  1100 | D        | Reached XP level 8. HP: 44/44 MP: 25/28
  1106 | D        | Reached ** piety under Vehumet
  1106 | D        | Offered knowledge of Magic Dart by Vehumet.
  1106 | D        | Reached skill level 1 in Air Magic
  1149 | D        | Found a blossoming altar of Fedhas.
  1149 | D        | Found a stormy altar of Qazlal.
  1149 | D        | Found a snail-covered altar of Cheibriados.
  1149 | D        | Found a burning altar of Makhleb.
  1149 | D        | Found a shimmering altar of Xom.
  1150 | D        | Found a hazy altar of Hepliaklqana.
  1150 | D        | Found an opulent altar of Gozag.
  1150 | D        | Found a sparkling altar of Nemelex Xobeh.
  1150 | D        | Found a corrupted altar of Lugonu.
  1150 | D        | Found a viscous altar of Jiyva.
  1257 | D        | Noticed Snorg
  1267 | D        | Killed Snorg
  1267 | D        | Offered knowledge of Throw Frost by Vehumet.
  1267 | D        | Reached skill level 5 in Short Blades
  1267 | D        | Reached skill level 13 in Spellcasting
  1267 | D        | Reached XP level 9. HP: 24/49 MP: 5/31
  1271 | D        | Learned a level 2 spell: Throw Frost
  1450 | D        | Killed a fire dragon
  1513 | D        | Noticed a centaur warrior
  1515 | D        | Reached *** piety under Vehumet
  1522 | D        | Killed a centaur warrior
  1522 | D        | Offered knowledge of Static Discharge by Vehumet.
  1522 | D        | Reached skill level 14 in Spellcasting
  1786 | D        | Noticed an unseen horror
  1791 | D        | Killed an unseen horror
  2141 | D        | Reached **** piety under Vehumet
  2144 | D        | Offered knowledge of Bolt of Magma by Vehumet.
  2148 | D        | Noticed a queen bee
  2158 | D        | Reached ***** piety under Vehumet
  2158 | D        | Reached skill level 5 in Air Magic
  2167 | D        | Reached skill level 10 in Dodging
  2167 | D        | Reached XP level 10. HP: 11/54 MP: 7/33
  2179 | D        | Slain by a killer bee

Vault maps used:
D:        dungeon_sprint_mu

Skill      XL: |  1  2  3  4  5  6  7  8  9 |
---------------+----------------------------+-----
Fighting       | 1 2 3 4 5 6 |  6.7
Armour         | 1 2 3 4 5 6 |  6.7
Spellcasting   | 4 5 7 8 10 12 13 14 | 14.7
Conjurations   | 2 3 4 6 7 8 9 |  9.0
Dodging        | 3 4 5 7 9 10 | 10.0
Fire Magic     | 4 5 7 8 9 |  9.7
Short Blades   | 3 4 5 6 |  6.8
Air Magic      | 3 5 |  5.1
Ice Magic      | 3 |  3.8
Stealth        | |  2.4

Action                   |  1- 3 |  4- 6 |  7- 9 | 10-12 || total
-------------------------+-------+-------+-------+-------++-------
Melee: Unarmed           |     3 |       |       |       ||     3
       Dagger            |       |       |     5 |       ||     5
       Headbutt          |       |       |     1 |       ||     1
 Cast: Flame Tongue      |    26 |     4 |    32 |       ||    62
       Throw Flame       |     2 |       |     1 |       ||     3
       Conjure Flame     |     2 |     1 |     5 |     1 ||     9
       Sticky Flame      |       |     3 |    15 |     1 ||    19
       Fireball          |       |       |     9 |       ||     9
       Shock             |       |       |     6 |       ||     6
  Use: Potion            |     1 |     3 |       |     2 ||     6
       Scroll            |       |     4 |     1 |       ||     5
  Eat: Chunk             |       |       |     4 |       ||     4
Armor: Robe              |       |     1 |     2 |       ||     3
Dodge: Dodged            |    11 |     5 |    48 |    13 ||    77
